 Dungeon Crawl Stone Soup version 0.31-a0-1101-g9ad1905e61 (webtiles) character file.

Game seed: 1778567587472656576

66 gruber the Shooter (level 4, -2/26 HPs)
             Began as a Kobold Hunter on Dec 1, 2023.
             Slain by an orc
             ... wielding a +0 short sword
              (4 damage)
             ... on level 3 of the Dungeon.
             The game lasted 00:01:33 (2036 turns).

gruber the Shooter (Kobold Hunter)                  Turns: 2036, Time: 00:01:34

Health: -2/26      AC:  7    Str:  8    XL:     4   Next: 37%
Magic:  4/4        EV: 14    Int: 10    God:
Gold:   109        SH:  0    Dex: 20    Spells: 3/3 levels left

rFire   . . .        a - +0 shortbow
rCold   . . .        (shield currently unavailable)
rNeg    . . .        c - +0 leather armour
rPois   .            h - +1 helmet
rElec   .            i - +0 cloak
rCorr   .            (no gloves)
SInv    .            j - +0 pair of boots
Will    .....        (no amulet)
Stlth   +++          (no ring)
HPRegen 0.24/turn    (no ring)
MPRegen 0.09/turn

%: no passive effects
@: no status effects
A: small, no large weapons, nightstalker 3
a: no special abilities


You were on level 3 of the Dungeon.
You visited 1 branch of the dungeon, and saw 3 of its levels.

You collected 109 gold pieces.

Inventory:

Hand Weapons
 a - a +0 shortbow (weapon)
Armour
 c - a +0 leather armour (worn)
 h - a +1 helmet (worn)
 i - a +0 cloak (worn)
 j - a +0 pair of boots (worn)
Scrolls
 b - a scroll of butterflies
 d - 3 scrolls of amnesia {unknown}
 k - 2 scrolls of identify {unknown}
 l - 2 scrolls of noise {unknown}
 m - a scroll of immolation {unknown}
 n - 2 scrolls of teleportation {unknown}
 q - a scroll of poison {unknown}
Potions
 g - a potion of curing {unknown}
 o - a potion of mutation {unknown}
 p - a potion of invisibility {unknown}


   Skills:
 - Level 2.1 Fighting
 + Level 7.4 Ranged Weapons
 - Level 2.4 Dodging
 - Level 1.3 Stealth


You had 3 spell levels left.
You didn't know any spells.
Your spell library was empty.

Dungeon Overview and Level Annotations

Branches:
Dungeon (3/15)

Altars:
Dithmenos
Xom

Shops:
D:1 =   D:2 (


Innate Abilities, Weirdness & Mutations

You are small and have problems with some larger weapons.
You are completely attuned to the shadows.


Message History

You shoot an arrow.
The arrow hits the gnoll but does no damage.
The gnoll is severely wounded.
The gnoll hits you with a +0 whip! The gnoll misses you.
The gnoll closely misses you.
Unknown command.
Unknown command.
You shoot an arrow. The arrow completely misses the gnoll.
The gnoll barely misses you. The gnoll hits you with a +0 club.
The gnoll hits you from afar with a +0 spear.
* * * LOW HITPOINT WARNING * * *
Unknown command.
Unknown command.
You aren't carrying any items that you can evoke.
You shoot an arrow. The arrow barely misses the gnoll.
The gnoll closely misses you. The gnoll misses you.
The gnoll closely misses you.
Unknown command.
Unknown command.
You shoot an arrow. The arrow hits the gnoll.
The gnoll is almost dead.
The gnoll misses you. The gnoll hits you but does no damage.
The gnoll hits you with a +0 club.
* * * LOW HITPOINT WARNING * * *
Unknown command.
Unknown command.
You shoot an arrow. The arrow closely misses the gnoll.
The gnoll barely misses you. x2
The gnoll hits you from afar with a +0 spear.
* * * LOW HITPOINT WARNING * * *
Unknown command.
Unknown command.
You shoot an arrow. The arrow hits the gnoll.
You kill the gnoll!
The gnoll barely misses you. x2
Unknown command.
Unknown command.
It was a potion of cancellation.
You feel magically purged. The orc hits you with a +0 short sword.
You die...

#.# #.# #####.# #.....#
#.##### #####.# ......#
####..########
#..##.@ggo######### ###
#..##o###g#.......###.#
#####..##.###)#.#####.##...
.......##.#..o.............
........#.#g#.#.#####.##...
#####...รท.....#.# #.###..
#...#.....#.. ..# ###
##.####.#.#### ####
#.###..#.#####


You could see 3 gnolls and 2 orcs.

Vanquished Creatures
  A gnoll (D:3)
  An adder (D:2)
  2 dart slugs (D:3)
  5 orcs
  3 bats
  4 endoplasms
  A giant cockroach (D:3)
  3 hobgoblins
  4 jackals
  2 quokkas
  2 ball pythons
  3 frilled lizards
  2 goblins
  5 rats
38 creatures vanquished.

Notes
Turn   | Place    | Note
-------+----------+-------------------------------------------
     0 | D:1      | gruber the Kobold Hunter began the quest for the Orb.
     0 | D:1      | Reached XP level 1. HP: 12/12 MP: 1/1
   165 | D:1      | Reached XP level 2. HP: 14/17 MP: 2/2
   268 | D:1      | Reached skill level 6 in Ranged Weapons
   287 | D:1      | Found a faded altar of an unknown god.
   291 | D:1      | Found Eplunal's Jewellery Shoppe.
   841 | D:2      | Reached XP level 3. HP: 21/21 MP: 3/3
  1008 | D:2      | Found a shimmering altar of Xom.
  1085 | D:2      | Found Mafiw's Weapon Shoppe.
  1634 | D:3      | Reached skill level 7 in Ranged Weapons
  1840 | D:3      | Reached XP level 4. HP: 26/26 MP: 4/4
  1958 | D:3      | Found a shadowy altar of Dithmenos.
  2036 | D:3      | Slain by an orc

Illustrated notes

Levels and vault maps discovered:
D:1:      eino_arrival_cavern_a, layout_rooms,
          ebering_ecumenical_altar_sacrificial, serial_shops, shop,
          chequers_arboretum, minmay_tetromino_l2
D:2:      layout_loops_ring, serial_shops, nicolae_shop_bloodbath_and_beyond,
          basic_altar, corexii_item_surrounded_by_moat
D:3:      layout_loops_cross, nicolae_dithmenos_through_a_glass_darkly

Skill      XL: |  1  2  3 |
---------------+----------+-----
Ranged Weapons | 6 7 |  7.4
Fighting       | |  2.1
Dodging        | |  2.4
Stealth        | |  1.3

Action                     |  1- 3 |  4- 6 || total
---------------------------+-------+-------++-------
   Fire: Shortbow          |   102 |    34 ||   136
    Use: Potion            |       |     2 ||     2
 Armour: Leather armour    |    32 |    30 ||    62
  Dodge: Dodged            |    41 |    39 ||    80

Table legend: (Time is in decaauts)
 A = Elapsed time spent in this place.
 B = Non-inter-level travel time spent in this place.
 C = Inter-level travel time spent in this place.
 D = Time resting spent in this place.
 E = Time spent auto-exploring this place.
 F = Levels seen in this place.
 G = Mean time per level.
                   A        B        C        D        E       F      G
               +--------+--------+--------+--------+--------+-----+--------+
         Total |   2053 |   1855 |    198 |      0 |   1570 |   3 |  684.3 |
       Dungeon |   2053 |   1855 |    198 |      0 |   1570 |   3 |  684.3 |
               +--------+--------+--------+--------+--------+-----+--------+

Top non-repeatable levels by time:
     D:1: 808 daAuts
     D:2: 779 daAuts
     D:3: 466 daAuts
